 Dungeon Crawl Stone Soup version 0.30-a0-331-g8ab09dc110 (webtiles) character file.

Game seed: 11448204798456769486

3269 ragingrage the Geomancer (level 9, -8/61 HPs)
             Began as a Mummy Wanderer on Oct 29, 2022.
             Mangled by a wight
             ... wielding a +5 morningstar
              (14 damage)
             ... on level 6 of the Dungeon.
             The game lasted 00:11:14 (7666 turns).

ragingrage the Geomancer (Mummy Wanderer)           Turns: 7666, Time: 00:11:14

Health: -8/61      AC:  6    Str: 15    XL:     9   Next: 68%
Magic:  5/11       EV: 11    Int: 17    God:
Gold:   217        SH:  0    Dex: 10    Spells: 6/10 levels left

rFire   x . .      SeeInvis .    b - staff of earth
rCold   + . .      Faith    +    (no shield)
rNeg    + + +      Spirit   .    c - +0 leather armour
rPois   ∞          Reflect  .    i - +1 helmet
rElec   .          Harm     .    o - +0 cloak
rCorr   .          Rampage  .    (no gloves)
Will    ++...                    (no boots)
Stlth   +.........               g - amulet of magic regeneration
HPRegen 0.30/turn                q - ring of willpower
MPRegen 0.52/turn                (no ring)

@: about to teleport
A: cold resistance 1, negative energy resistance 3, torment resistance 2, heat
vulnerability 1, in touch with death 1, no potions, faith
a: no special abilities


You were on level 6 of the Dungeon.
You visited 1 branch of the dungeon, and saw 7 of its levels.

You collected 374 gold pieces.
You spent 157 gold pieces at shops.

Inventory:

Hand Weapons
 a - a +3 sling
 m - a +4 dagger
Missiles
 h - 41 poisoned darts
Armour
 c - a +0 leather armour (worn)
 i - a +1 helmet (worn)
 o - a +0 cloak (worn)
 s - a +0 buckler of poison resistance
Magical Staves
 b - a staff of earth (weapon)
Jewellery
 d - a ring of ice
 g - an amulet of magic regeneration (around neck)
 q - a ring of willpower (left hand)
Wands
 v - a wand of digging (1)
Scrolls
 e - 3 scrolls of magic mapping
 f - 2 scrolls of vulnerability
 j - a scroll of blinking
 l - 2 scrolls of silence
 n - a scroll of enchant weapon
 p - 4 scrolls of teleportation
 r - a scroll of fog
 t - a scroll of fear
 u - a scroll of noise


   Skills:
 - Level 2.0 Fighting
 - Level 2.4 Ranged Weapons
 - Level 1.0 Armour
 - Level 1.3 Spellcasting
 - Level 5.0 Conjurations
 + Level 10.4 Earth Magic
 - Level 1.0 Invocations
 - Level 1.0 Evocations


You had 6 spell levels left.
You knew the following spells:

 Your Spells              Type           Power      Damage    Failure   Level
a - Sandblast             Erth           100%       2d20      1%          1
b - Stone Arrow           Conj/Erth      80%        3d12      3%          3

Your spell library contained the following spells:

 Spells                   Type           Power      Damage    Failure   Level
 Animate Armour           Summ/Erth      56%        N/A       30%         4
 Ignite Poison            Fire/Tmut/Pois 1%         N/A       58%         3
 Kindle Blastsparks       Fire/Tloc/Air  2%         2d10      58%         3
 Freezing Cloud           Conj/Ice/Air   3%         6-21      98%         5
 Lehudib's Crystal Spear  Conj/Erth      20%        10d6      100%        8


Dungeon Overview and Level Annotations

Branches:
Dungeon (7/15)             Temple (0/1) D:7

Altars:

Shops:
D:5 [

Annotations:
D:2 Terence
D:4 exclusion: downstairs
D:5 exclusion: downstairs


Innate Abilities, Weirdness & Mutations

You are immune to poison.
Your flesh is cold resistant. (rC+)
You are immune to negative energy. (rN+++)
You are immune to unholy pain and torment.
You are vulnerable to heat. (rF-)
You are in touch with the powers of death.
You do not drink.
You have a special connection with the divine. (Faith)


Message History

Okay, then.
You can't drink.
Okay, then.
A wight comes into view. It is wielding a +5 morningstar.
The wight closely misses you.
Casting: Stone Arrow (dangerous; 3% risk of failure)
Confirm with . or Enter, or press ? or * to list all spells.
Aiming: Stone Arrow (dangerous; 3% risk of failure)
Press: ? - help, Shift-Dir - straight line, f/p - cyan ugly thing
Aim: a cyan ugly thing (almost dead, 74% to hit)
You feel a surge of power!
The stone arrow hits the cyan ugly thing!!
You kill the cyan ugly thing!
The wight hits you with a +5 morningstar!
Your Earth Magic skill increases to level 10!
The wight attacks as you move away!
The wight hits you with a +4 long sword!
The wight hits you with a +5 morningstar!
The wight closely misses you. The wight attacks as you move away!
The wight barely misses you.
There is a stone staircase leading up here.
The wight hits you with a +4 long sword.
The wight hits you with a +5 morningstar!
* * * LOW HITPOINT WARNING * * *
You climb upwards.
There is a stone staircase leading down here.
As you read the scroll of teleportation, it crumbles to dust.
You feel strangely unstable.
The wight hits you with a +5 morningstar.
* * * LOW HITPOINT WARNING * * *
The wight closely misses you. The wight attacks as you move away!
The wight hits you with a +5 morningstar.
* * * LOW HITPOINT WARNING * * *
The wight attacks as you move away!
The wight hits you with a +4 long sword.
* * * LOW HITPOINT WARNING * * *
The wight attacks as you move away!
The wight hits you with a +5 morningstar!
You die...

........# ##.............[.<....
....#..## ##...................
.####..# #............(...... ..#
#..# #............##.....
..###..# ##...........#######.
...##..# ##..............### ##
.......#####..)..............####
................zz..............#
..#####.......).@................
.## ##..[..........(######.....
.# ##....|..........# #####. ##
##........##......# ## #
###..[....####......# #
###....#.....###......### #
.....###...#.......#....### ##
....## ##....##'##.#......######.
#..## #..#.#...#.#.........#...


You could see 2 wights.

Vanquished Creatures
  A deep elf pyromancer (D:7)
  An ugly thing (D:7)
  A hornet (D:7)
  3 orc warriors
  An ice beast (D:6)
  A black bear (D:6)
  2 centaurs
  A phantom (D:5)
  3 scorpions
  A necrophage (D:5)
  8 wights
  4 killer bees
  A howler monkey (D:6)
  2 hounds
  4 orc priests
  A jelly (D:4)
  2 iguanas (D:6)
  8 orc wizards
  Robin (D:4)
  6 adders
  A white imp (D:5)
  3 worms (D:2)
  3 dart slugs
  40 orcs
  8 ball pythons
  4 endoplasms
  A giant cockroach (D:1)
  25 goblins
  6 hobgoblins
  7 jackals
  2 bats
  3 frilled lizards
  6 kobolds
  3 rats
164 creatures vanquished.

Notes
Turn   | Place    | Note
-------+----------+-------------------------------------------
     0 | D:1      | ragingrage the Mummy Wanderer began the quest for the Orb.
     0 | D:1      | ragingrage set off with the following items: a +3 sling, a
                  | scroll of summoning, a +0 leather armour; and the following
                  | spell memorised: Sandblast; and the following spells
                  | available to memorise: Stone Arrow.
     0 | D:1      | Reached XP level 1. HP: 16/16 MP: 2/2
   195 | D:1      | Reached XP level 2. HP: 22/22 MP: 4/4
   202 | D:1      | Reached skill level 2 in Earth Magic
   911 | D:2      | Gained mutation: You are in touch with the powers of death.
                  | [Mummy growth]
   911 | D:2      | Reached XP level 3. HP: 15/27 MP: 3/5
   976 | D:2      | Noticed Terence
  1190 | D:2      | Learned a level 3 spell: Stone Arrow
  1511 | D:2      | Reached skill level 3 in Earth Magic
  2137 | D:4      | Noticed a scorpion
  2156 | D:4      | Killed a scorpion
  2157 | D:4      | Reached skill level 4 in Earth Magic
  2157 | D:4      | Reached XP level 4. HP: 4/33 MP: 4/6
  2429 | D:4      | Reached XP level 5. HP: 38/38 MP: 5/7
  2749 | D:4      | Noticed Robin
  2757 | D:4      | Killed Robin
  2887 | D:4      | Reached skill level 5 in Earth Magic
  2887 | D:4      | Reached XP level 6. HP: 43/44 MP: 6/8
  3238 | D:5      | Entered Level 5 of the Dungeon
  3238 | D:5      | Found Etsoggit's Antique Armour Shoppe.
  3511 | D:5      | Reached skill level 6 in Earth Magic
  3848 | D:5      | Reached XP level 7. HP: 50/50 MP: 7/9
  4277 | D:5      | Bought a runed buckler for 157 gold pieces
  4364 | D:5      | Reached skill level 7 in Earth Magic
  5069 | D:6      | Identified the amulet of Leheewot {rPois Will- Regen+ rCorr
                  | Slay-4}
  5623 | D:5      | Reached skill level 8 in Earth Magic
  5623 | D:5      | Reached XP level 8. HP: 7/56 MP: 2/10
  6336 | D:6      | Reached skill level 1 in Conjurations
  7168 | D:7      | Found a staircase to the Ecumenical Temple.
  7271 | D:7      | Noticed a hornet
  7274 | D:7      | Killed a hornet
  7275 | D:7      | Reached skill level 9 in Earth Magic
  7306 | D:7      | Reached XP level 9. HP: 59/61 MP: 11/11
  7583 | D:7      | Noticed a deep elf pyromancer
  7599 | D:7      | Killed a deep elf pyromancer
  7603 | D:6      | Reached skill level 5 in Conjurations
  7645 | D:7      | Noticed a cyan ugly thing
  7657 | D:7      | Killed a cyan ugly thing
  7658 | D:7      | Reached skill level 10 in Earth Magic
  7666 | D:6      | Mangled by a wight

Illustrated notes

Levels and vault maps discovered:
D:1:      dpeg_arrival_court, layout_basic, hangedman_decor_clover_reticule
D:2:      layout_loops_cross, minmay_pentomino_x2, uniq_terence
D:3:      layout_rooms, mainiacjoe_overflow_paths
D:4:      kennysheep_the_goblin_king, layout_loops_ring, uniq_robin
D:5:      layout_loops_ring, serial_shops,
          nicolae_shop_temple_entry_statues_fountains,
          kennysheep_generic_room_11
D:6:      layout_layer_cave, kennysheep_flooded_box, minmay_misc_feat_room,
          amcnicky_mini_pool_small
D:7:      minmay_the_grid_plus [minmay_the_grid_tree,
          minmay_the_grid_zigzag_pyramid, minmay_the_grid_dragon_b,
          minmay_the_grid_spin_star, minmay_the_grid_prize_trominoes],
          layout_rooms, grunt_temple_overflow_octagram, minmay_misc_feat_x

Skill      XL: |  1  2  3  4  5  6  7  8  9 |
---------------+----------------------------+-----
Earth Magic    | 2 4 5 6 8 9 10 | 10.4
Conjurations   | 3 5 |  5.0
Fighting       | |  2.0
Ranged Weapons | |  2.4
Armour         | |  1.0
Spellcasting   | |  1.3
Invocations    | |  1.0
Evocations     | |  1.0

Action                   |  1- 3 |  4- 6 |  7- 9 || total
-------------------------+-------+-------+-------++-------
Melee: Staff             |       |       |     1 ||     1
 Fire: Sling             |   103 |    68 |    10 ||   181
Throw: Dart              |     2 |       |     2 ||     4
       Throwing net      |       |       |     1 ||     1
 Cast: Sandblast         |    22 |    77 |   122 ||   221
       Stone Arrow       |       |       |    21 ||    21
  Use: Scroll            |     1 |     6 |     6 ||    13
Armor: Leather armour    |    19 |    26 |    21 ||    66
Dodge: Dodged            |    23 |    47 |    70 ||   140

Table legend: (Time is in decaauts)
 A = Elapsed time spent in this place.
 B = Non-inter-level travel time spent in this place.
 C = Inter-level travel time spent in this place.
 D = Time resting spent in this place.
 E = Time spent auto-exploring this place.
 F = Levels seen in this place.
 G = Mean time per level.
                   A        B        C        D        E       F      G
               +--------+--------+--------+--------+--------+-----+--------+
         Total |   7844 |   7317 |    527 |   2247 |   3740 |   7 | 1120.6 |
       Dungeon |   7844 |   7317 |    527 |   2247 |   3740 |   7 | 1120.6 |
               +--------+--------+--------+--------+--------+-----+--------+

Top non-repeatable levels by time:
     D:6: 2184 daAuts
     D:4: 1697 daAuts
     D:5: 1473 daAuts
     D:1: 826 daAuts
     D:2: 747 daAuts
     D:3: 610 daAuts
     D:7: 304 daAuts
